 Dungeon Crawl Stone Soup version 0.24-a0-520-g8fd06ad0bc (webtiles) character file.

Game seed: 11084957774669562312

5 Gargoyl the Skirmisher (level 1, -21/19 HPs)
             Began as a Centaur Abyssal Knight on July 24, 2019.
             Was a Follower of Lugonu.
             Demolished by a tentacled starspawn (22 damage)
             ... on level 1 of the Abyss.
             The game lasted 00:00:09 (135 turns).

Gargoyl the Skirmisher (Centaur Abyssal Knight)      Turns: 135, Time: 00:00:10

Health: -21/19     AC:  4    Str: 11 (14) XL:     1   Next: 66%
Magic:  2/2        EV:  9    Int: 10 (11) God:    Lugonu [*.....]
Gold:   44         SH:  0    Dex:  6 (8)  Spells: 0/0 levels left

rFire    . . .     SeeInvis .   a - +1 hand axe
rCold    . . .     Gourm    .   (no shield)
rNeg     . . .     Faith    .   b - +0 leather armour
rPois    .         Spirit   .   (no helmet)
rElec    .         Reflect  .   (no cloak)
rCorr    .         Harm     .   (no gloves)
MR       .....                  (no barding)
Stlth    ..........             (no amulet)
HPRegen  0.06/turn              (no ring)
MPRegen  0.08/turn              (no ring)

@: very quick
A: large, hooves 3, deformed body, speed 2, tough skin 3
a: Depart the Abyss, Renounce Religion


You were on level 1 of the Abyss.
You worshipped Lugonu.
Lugonu was aware of your devotion.
You were not hungry.

You visited 0 branches of the dungeon, and saw 0 of its levels.
You visited the Abyss 1 time.

You collected 44 gold pieces.

Inventory:

Hand Weapons
 a - a +1 hand axe (weapon)
Armour
 b - a +0 leather armour (worn)
Comestibles
 c - a ration


   Skills:
 + Level 3.2 Fighting
 + Level 1.8 Axes
 + Level 1.4 Armour
 + Level 0.6 Dodging
 + Level 2.0 Invocations


You couldn't memorise any spells.
You didn't know any spells.
Your spell library was empty.

Dungeon Overview and Level Annotations

Branches:
Dungeon (0/15)

Altars:


Innate Abilities, Weirdness & Mutations

You have hooves in place of feet.
Armour fits poorly on your strangely shaped body.
You cover ground very quickly.
You have extremely tough skin. (AC +3)


Message History

You hit the ufetubus.
You kill the ufetubus!
You hit the starspawn tentacle but do no damage.
The starspawn tentacle loses its grip on you.
The tentacle pulls you backwards! The starspawn tentacle grabs you.
* * * LOW HITPOINT WARNING * * *
The starspawn tentacle constricts you.
The starspawn tentacle loses its grip on you.
The tentacle pulls you backwards!
Unknown command.
The worldbinder calls forth creatures from the Orcish Mines!
The starspawn tentacle grabs you.
* * * LOW HITPOINT WARNING * * *
The starspawn tentacle constricts you.
The starspawn tentacle's grasp on you weakens, but your attempt to escape fails.
The orc priest disappears in a puff of smoke!
The starspawn tentacle loses its grip on you.
The tentacle pulls you backwards! The tentacled starspawn bites you!!
Ouch! That really hurt!
You die...

. # .. .
...####..... .
.##.#.#... ..
...#.#.#
......
#.#.#.#.......
#....#...# ##
#...w─...##
#..@##>......
#.##.X─..... .
#.
#..#│.o.....
..
###w#│.x.§..
#.
#...V........
#.
#.##.#.......
. #. #h...## .
## ....#
#.....


You could see a tentacled starspawn, a worldbinder, 2 starspawn tentacles and an
orc priest.

Vanquished Creatures
  An ufetubus (Abyss:1)
1 creature vanquished.

Notes
Turn   | Place    | Note
-------+----------+-------------------------------------------
     0 | Abyss:1  | Gargoyl the Centaur Abyssal Knight began the quest for the
                  | Orb.
     0 | Abyss:1  | Reached XP level 1. HP: 19/19 MP: 2/2
   126 | Abyss:1  | Noticed a tentacled starspawn
   131 | Abyss:1  | Noticed a worldbinder
   134 | Abyss:1  | Noticed an orc priest
   135 | Abyss:1  | Noticed a warg
   135 | Abyss:1  | Noticed an orc priest
   135 | Abyss:1  | Demolished by a tentacled starspawn

Levels and vault maps discovered:
Abyss:1

Action                   || total
-------------------------++-------
Melee: Hand axe          ||     3
  Use: Potion            ||     1
Armor: Leather armour    ||     4
Dodge: Dodged            ||     3

Table legend:
 A = Non-vault XP
 B = Vault XP
 C = Vault XP percentage of total XP
 D = Non-vault monster count
 E = Vault monster count
 F = Vault count percentage of total count
                 A         B        C        D         E       F
            +---------+---------+-------+---------+---------+-------
      Total |       8 |       0 |   0.0 |       1 |       0 |   0.0
            +---------+---------+-------+---------+---------+-------
    Abyss:1 |       8 |       0 |   0.0 |       1 |       0 |   0.0
            +---------+---------+-------+---------+---------+-------
